 Dungeon Crawl Stone Soup version 0.19.1-1-g22dce08 (webtiles) character file.

2426 Rrauwl the Basher (level 9, -3/80 HPs)
             Began as a Troll Berserker on Jan 12, 2017.
             Was an Elder of Trog.
             Slain by a sky beast (6 damage)
             ... on level 7 of the Dungeon on Jan 13, 2017.
             The game lasted 00:37:01 (4632 turns).

Rrauwl the Basher (Troll Berserker)                 Turns: 4632, Time: 00:37:02

Health: -3/80      AC:  6    Str: 29    XL:     9   Next: 24%
Magic:  8/8        EV: 10    Int:  1    God:    Trog [****..]
Gold:   327        SH:  0    Dex: 10    Spells: 0 memorised, 8 levels left

rFire  + . .     SeeInvis .     q - +1 shortbow "Ricsehy" {flame, rPois rF+ rN+} (curse)
rCold  + . .     Gourm    +     b - +1 animal skin
rNeg   + . .     Faith    .     (shield currently unavailable)
rPois  +         Spirit   .     (helmet restricted)
rElec  .         Reflect  .     (no cloak)
rCorr  .         Harm     .     (gloves unavailable)
MR     .....     Rnd*Rage +     (boots unavailable)
Stlth  ++........               (no amulet)
                                p - ring of protection from cold
                                f - ring of stealth

@: drained
A: unfitting armour, claws 3, berserk 2, blurry vision 1, dopey 1, fast
metabolism 3, gourmand, regeneration 1, shaggy fur 1, tough skin 2
a: Berserk, Trog's Hand, Brothers in Arms, Burn Spellbooks, Renounce Religion


You were on level 7 of the Dungeon.
You worshipped Trog.
Trog was greatly pleased with you.
You were very full.

You visited 1 branch of the dungeon, and saw 7 of its levels.

You collected 327 gold pieces.

Inventory:

Hand Weapons
 k - a +0 mace of protection
 n - a +2 dire flail
 q - the cursed +1 shortbow "Ricsehy" (weapon) {flame, rPois rF+ rN+}
   (You found it on level 4 of the Dungeon)

   It causes projectiles fired from it to burn those they strike, causing extra
   injury to most foes and up to half again as much damage against particularly
   susceptible opponents.
   It protects you from fire.
   It protects you from poison.
   It protects you from negative energy.
   It has a curse placed upon it.
Missiles
 e - 65 arrows (quivered)
 g - 4 poisoned javelins
Armour
 b - a +1 animal skin (worn)
Jewellery
 f - a ring of stealth (left claw)
 m - an uncursed ring of protection from cold
 p - a ring of protection from cold (right claw)
Wands
 r - a wand of slowing (37/48)
Scrolls
 a - a scroll of fear
 l - 2 scrolls of teleportation
Potions
 d - a potion of curing
 o - 2 potions of haste
 s - a potion of brilliance
 x - a potion of heal wounds
Comestibles
 c - 4 bread rations
 i - 2 beef jerkies
 j - 4 fruits
 t - 4 meat rations
 u - a slice of pizza


   Skills:
 - Level 2.4(2.0) Fighting
 + Level 11.4(10.9) Maces & Flails
 - Level 2.4(2.0) Dodging
 - Level 1.0(0.6) Stealth


You had 8 spell levels left.
You didn't know any spells.

Dungeon Overview and Level Annotations

Branches:
Dungeon (7/15)
 Temple: D:4-7

Altars:
Cheibriados
Fedhas
Makhleb
Nemelex Xobeh
Okawaru
Ru
Vehumet


Innate Abilities, Weirdness & Mutations

You are too large for most types of armour.
You have claws for hands.
Your metabolism is lightning-fast.
You like to eat raw meat.
Your natural rate of healing is unusually fast.
You are covered in fur. (AC +1)
You have very tough skin. (AC +2)
You often lose your temper in combat.
Scrolls take you a little longer to read.
You are dopey. (Int -2)


Message History

Deactivating autopickup; reactivate with Ctrl-A.
The sky beast hits you but does no damage.
Firing (i - inventory. (,) - cycle):
e - 67 arrows (quivered)
Press: ? - help, Shift-Dir - straight line, f/p - killer bee
Aim: a killer bee (heavily wounded)
You shoot an arrow. The arrow misses the killer bee.
Something hits you but does no damage.
The sky beast flickers out of sight!
Something hits you but does no damage.
Firing (i - inventory. (,) - cycle):
e - 66 arrows (quivered)
Press: ? - help, Shift-Dir - straight line, f/p - killer bee
Aim: a killer bee (heavily wounded)
You shoot an arrow. The arrow misses the killer bee.
Something hits you.
* * * LOW HITPOINT WARNING * * *
Something hits you but does no damage. Something hits you.
* * * LOW HITPOINT WARNING * * *
Really read with blurry vision while enemies are nearby?
Something hits you.
* * * LOW HITPOINT WARNING * * *
Something shocks you.
You die...

### ..... .....
..... . ###...
... #...#
.....####...#
$.....{@{y.(#
....#####(..# .
#..(# #
###...##.#
#.'......#
###.#...####$..
.......{<.......
###.###.###....#
#.. ...o ....


You could see a killer bee.

Vanquished Creatures
  The ghost of Queen the Cudgeler, an amateur GrGl (D:4)
  An ice beast (D:6)
  2 phantoms
  A sky beast (D:5)
  A necrophage (D:6)
  4 centaurs (D:5)
  3 bullfrogs
  3 scorpions (D:5)
  A wyvern skeleton (D:4)
  3 wights (D:6)
  A howler monkey (D:5)
  5 crimson imps
  2 orc priests
  5 orc wizards
  2 hounds
  A jelly (D:6)
  An iguana (D:4)
  Ijyb (D:3)
  3 worker ants
  2 hound skeletons
  A worker ant zombie (D:5)
  4 gnolls (D:3)
  11 adders
  3 shadow imps
  3 oozes
  An adder skeleton (D:6)
  2 dart slugs
  4 leopard geckos
  27 orcs
  7 giant cockroaches
  6 goblins
  10 hobgoblins
  16 jackals
  12 kobolds
  2 quokkas (D:5)
  2 bats
  2 frilled lizards
  A jackal skeleton (D:4)
  6 rats
163 creatures vanquished.

Notes
Turn   | Place    | Note
-------+----------+-------------------------------------------
     0 | D:1      | Rrauwl the Troll Berserker began the quest for the Orb.
     0 | D:1      | Reached XP level 1. HP: 22/22 MP: 0/0
    28 | D:1      | Reached skill level 3 in Maces & Flails
   106 | D:1      | Reached XP level 2. HP: 20/29 MP: 1/1
   590 | D:2      | Reached XP level 3. HP: 33/36 MP: 2/2
   605 | D:2      | Reached ** piety under Trog
   680 | D:2      | Reached skill level 4 in Maces & Flails
   913 | D:2      | Reached XP level 4. HP: 37/44 MP: 3/3
  1378 | D:3      | Noticed Ijyb
  1392 | D:3      | Killed Ijyb
  1441 | D:3      | Reached XP level 5. HP: 50/50 MP: 4/4
  1458 | D:3      | Reached skill level 5 in Maces & Flails
  1526 | D:3      | Noticed a phantom
  1572 | D:3      | Killed a phantom
  1572 | D:3      | Reached skill level 1 in Stealth
  1737 | D:3      | Reached *** piety under Trog
  1754 | D:3      | Reached XP level 6. HP: 47/59 MP: 5/5
  2018 | D:3      | Reached skill level 6 in Maces & Flails
  2236 | D:4      | Noticed Queen's ghost (amateur GrGl)
  2264 | D:4      | Killed Queen's ghost
  2264 | D:4      | Reached skill level 7 in Maces & Flails
  2264 | D:4      | Reached XP level 7. HP: 42/66 MP: 6/6
  2295 | D:4      | Found a sparkling altar of Nemelex Xobeh.
  2298 | D:4      | Found a snail-covered altar of Cheibriados.
  2402 | D:4      | Received a gift from Trog
  2495 | D:4      | Reached skill level 8 in Maces & Flails
  2566 | D:4      | Found a radiant altar of Vehumet.
  2637 | D:4      | Found a sacrificial altar of Ru.
  2859 | D:5      | Entered Level 5 of the Dungeon
  2867 | D:5      | Reached **** piety under Trog
  2870 | D:5      | Lost intelligence.
  2875 | D:5      | Found a blossoming altar of Fedhas.
  3029 | D:5      | Reached XP level 8. HP: 58/74 MP: 7/7
  3102 | D:5      | Reached skill level 9 in Maces & Flails
  3144 | D:5      | Gained mutation: Scrolls take you a little longer to read. [mutagenic meat]
  3145 | D:5      | Gained mutation: You are dopey. (Int -2) [mutagenic meat]
  3146 | D:5      | Gained mutation: You tend to lose your temper in combat. [mutagenic meat]
  3147 | D:5      | Gained mutation: You often lose your temper in combat. [mutagenic meat]
  3620 | D:5      | Reached skill level 10 in Maces & Flails
  3767 | D:5      | Found an iron altar of Okawaru.
  4016 | D:6      | Received a gift from Trog
  4026 | D:6      | Reached XP level 9. HP: 80/80 MP: 8/8
  4059 | D:6      | Reached skill level 11 in Maces & Flails
  4273 | D:6      | Found a burning altar of Makhleb.
  4506 | D:4      | Got a fine shortbow
  4510 | D:4      | Identified the cursed +1 shortbow "Ricsehy" {flame, rPois rF+ rN+} (You found it on level 4 of the Dungeon)
  4631 | D:7      | HP: 4/80 [something (2)]
  4632 | D:7      | Slain by a sky beast

Skill      XL: |  1  2  3  4  5  6  7  8  9 |
---------------+----------------------------+-----
Maces & Flails | 3 4 5 7 8 10 11 | 11.4
Stealth        | 1 |  1.0
Fighting       | |  2.4
Dodging        | |  2.4

Action                   |  1- 3 |  4- 6 |  7- 9 || total
-------------------------+-------+-------+-------++-------
Melee: Mace              |    22 |       |   343 ||   365
       Whip              |   149 |   273 |       ||   422
       Dire flail        |       |       |    79 ||    79
 Fire: Shortbow          |       |       |    26 ||    26
Invok: Berserk           |       |     4 |     5 ||     9
  Use: Scroll            |       |     5 |     5 ||    10
       Potion            |       |     5 |     4 ||     9
 Stab: Sleeping          |     3 |     2 |     2 ||     7
       Distracted        |       |     1 |       ||     1
  Eat: Chunk             |    14 |    14 |    36 ||    64
Armor: Animal skin       |    21 |    52 |   218 ||   291
       Robe              |    66 |     4 |       ||    70
Dodge: Dodged            |   107 |   105 |   222 ||   434
